 Dungeon Crawl Stone Soup version 0.21.0-24-g2553a33 (webtiles) character file.

131147 sankara the Severer (level 16, -6/160 HPs)
             Began as a Deep Dwarf Fighter on Jan 19, 2018.
             Was the Champion of Makhleb.
             Blown up by an orb spider (36 damage)
             ... with an orb of destruction
             ... on level 2 of the Spider Nest.
             The game lasted 02:00:50 (22067 turns).

sankara the Severer (Deep Dwarf Fighter)           Turns: 22067, Time: 02:00:51

Health: -6/160     AC: 25    Str: 21    XL:     16   Next: 54%
Magic:  13/13      EV: 15    Int: 15    God:    Makhleb [******]
Gold:   1946       SH:  5    Dex: 22    Spells: 15/15 levels left

rFire    . . .     SeeInvis +   a - +5 executioner's axe (chop)
rCold    . . .     Gourm    .   (shield currently unavailable)
rNeg     + . .     Faith    .   Y - +1 plate armour of the Tormentor {rElec Int+5 Slay+2 SInv}
rPois    +         Spirit   .   V - +2 hat
rElec    +         Reflect  +   A - scarf {cloud immunity}
rCorr    .         Harm     .   x - +0 pair of gloves
MR       ++...                  y - +0 pair of boots
Stlth    ..........             Q - +5 amulet of reflection
HPRegen  0.00/turn              t - ring of poison resistance
MPRegen  0.13/turn              U - +5 ring of dexterity

@: non-regenerating
A: damage resistance, heal wounds, thin metallic scales 1, blink, negative
energy resistance 1, sense surroundings 2, electricity resistance, MP-powered
wands, no regeneration
a: Heal Wounds, Blink, Minor Destruction, Lesser Servant of Makhleb, Major
Destruction, Greater Servant of Makhleb, Renounce Religion


You were on level 2 of the Spider Nest.
You worshipped Makhleb.
Makhleb was exalted by your worship.
You were not hungry.

You visited 5 branches of the dungeon, and saw 26 of its levels.
You also visited: Ossuary.

You collected 3033 gold pieces.
You spent 1087 gold pieces at shops.

Inventory:

Hand Weapons
 a - a +5 executioner's axe of chopping (weapon)
 b - a +0 blowgun
 z - a +0 battleaxe
 C - a +1 war axe of freezing
 W - a +2 hand axe of electrocution
Missiles
 g - 100 poisoned needles
 k - 4 curare-tipped needles
 I - 18 tomahawks (quivered)
 O - 2 throwing nets
 P - 3 tomahawks of dispersal
 Z - 5 poisoned tomahawks
Armour
 c - a +1 shield
 x - a +0 pair of gloves (worn)
 y - a +0 pair of boots (worn)
 A - a scarf of cloud immunity (worn)
 V - a +2 hat (worn)
 Y - the +1 plate armour of the Tormentor (worn) {rElec Int+5 Slay+2 SInv}
   (You bought it in a shop on level 2 of the Orcish Mines)

   It affects your intelligence (+5).
   It affects your accuracy and damage with ranged weapons and melee attacks
   (+2).
   It insulates you from electricity.
   It lets you see invisible.
Jewellery
 s - an uncursed ring of positive energy
 t - a ring of poison resistance (left hand)
 L - an uncursed ring of protection from fire
 Q - a +5 amulet of reflection (around neck)
 U - a +5 ring of dexterity (right hand)
Wands
 d - a wand of iceblast (14)
 m - a wand of disintegration (12)
 B - a wand of random effects (64)
 E - a wand of flame (26)
 J - a wand of paralysis (30)
 M - a wand of acid (14)
 T - a wand of digging (18)
Scrolls
 e - 15 scrolls of identify
 j - 8 scrolls of teleportation
 o - 4 scrolls of blinking
 r - 4 scrolls of fear
 v - 14 scrolls of remove curse
 F - 4 scrolls of magic mapping
 G - 3 scrolls of enchant armour
 S - 3 scrolls of fog
Potions
 i - 2 potions of berserk rage
 n - 2 potions of invisibility
 p - a potion of haste
 w - 3 potions of flight
 K - 6 potions of curing
 R - 2 potions of agility
Comestibles
 f - 29 rations
 l - a chunk of flesh


   Skills:
 + Level 14.9 Fighting
 * Level 18.0 Axes
 + Level 15.2 Armour
 + Level 12.1 Dodging
 - Level 7.3 Shields


You had 15 spell levels left.
You didn't know any spells.

Dungeon Overview and Level Annotations

Branches:
Dungeon (15/15)            Temple (1/1) D:5            Lair (6/6) D:8
  Swamp (0/4) Lair:2       Spider (2/4) Lair:3        Slime (0/5) Lair:5
    Orc (2/2) D:10            Elf (0/3) Orc:2        Vaults (0/5) D:14
 Depths (0/5) D:15

Altars:
Ashenzari
Cheibriados
Dithmenos
Elyvilon
Fedhas
Gozag
Kikubaaqudgha
Makhleb
Nemelex Xobeh
Okawaru
Qazlal
Ru
Sif Muna
Trog
Vehumet
Wu Jian
Xom
The Shining One
Beogh

Shops:
D:11 [   Orc:2 ([}}

Annotations:
Lair:1 exclusion: oklob plant
Spider:2 exclusion: Roxanne, Roxanne


Innate Abilities, Weirdness & Mutations

You are resistant to damage.
You can heal yourself by infusing magical energy.
You resist negative energy. (rN+)
You passively map the area around you.
You do not regenerate.
You are partially covered in thin metallic scales. (AC +2)
You can translocate small distances at will.
You are resistant to electric shocks. (rElec)
You expend magic power (3 MP) to strengthen your wands.


Message History

There is a stone staircase leading up, spattered with blood here.
You are too injured to fight recklessly!
You are too injured to fight recklessly!
Unknown command.
You are too injured to fight recklessly!
You are too injured to fight recklessly!
You are too injured to fight recklessly!
The orb spider weaves a glowing orb of energy.
The orb spider pulsates with a strange energy.
An orb of destruction comes into view.
Marking area around Roxanne as unsafe for travelling.
Roxanne, Geomancer Emeritus comes into view.
You found a teleport trap!
The orb spider pulsates with a strange energy.
Roxanne says, "At least I didn't end up somewhere with nobody to talk to."
The orb of destruction hits you!
* * * LOW HITPOINT WARNING * * *
The orb spider pulsates with a strange energy.
You completely miss the orb spider. The orb of destruction hits you!
You die...

,, , , , , , ,
..........#.... , ,
.................. ,
, .............)#...,
, ,,, ,
^..................
..(.........s.......
, , ,
................^...
, ,
..^.............#...
,, , * ,
.......s.s@.........,
, ,
,.........§...$......
,,
.........§.§§.......
, ,,
?.......§†..........
, ,
........§...........
, , , ,
........†<†.........
,
^.......)...........
, ,
,......^.............
,
.....§^.............,


You could see 3 orb spiders.

Vanquished Creatures
  Frances (D:13)
  An orc warlord (Orc:2)
  An entropy weaver (Spider:1)
  Snorg (Lair:6)
  A fire dragon (D:15)
  An ice dragon (D:11)
  3 vault guards (D:14)
  A rakshasa (D:15)
  A hydra (Lair:5)
  4 catoblepae
  A death knight (D:15)
  15 two-headed ogres
  3 centaur warriors
  6 death yaks (Lair:6)
  2 ogre magi (D:15)
  8 orc high priests (Orc:2)
  Sonja (D:14)
  5 skeletal warriors (D:15)
  A sea snake (shapeshifter) (D:15)
  A wizard (D:14)
  2 necromancers (D:14)
  2 orc knights
  A wolf spider zombie (D:14)
  A phantasmal warrior (D:15)
  An orc sorcerer (Orc:1)
  6 orb spiders
  13 wolf spiders
  2 oklob plants (D:12)
  5 manticores
  A moth of wrath (Spider:1)
  2 cyclopes
  6 ugly things (D:15)
  14 elephants
  A guardian serpent (shapeshifter) (D:15)
  2 centaur zombies
  3 black mambas
  4 ice statues (D:11)
  21 spiny frogs
  2 rime drakes
  A rime drake (shapeshifter) (D:14)
  An efreet (D:15)
  4 freezing wraiths
  9 komodo dragons
  2 demonic crawlers (Spider:1)
  2 tengu conjurers (D:15)
  9 trolls
  A queen bee (Lair:3)
  A troll (shapeshifter) (D:15)
  3 meliai (D:15)
  17 jumping spiders
  A hornet (D:11)
  9 blink frogs
  A hippogriff (shapeshifter) (D:15)
  6 slime creatures
  16 hippogriffs
  A shadow (D:15)
  22 redbacks
  3 water elementals (D:15)
  2 wyverns
  84 yaks
  3 vampires
  4 hogs (D:9)
  2 wraiths
  10 tarantellas
  3 basilisks (Lair:3)
  4 vampire mosquitoes (D:13)
  The ghost of Canard the Ruffian, an amateur DrTm (D:6)
  22 humans
  3 hungry ghosts
  2 soldier ants
  11 wargs (Orc:2)
  7 porcupines
  18 water moccasins
  An acid dragon (D:13)
  25 orc warriors
  3 sky beasts
  A black bear (D:11)
  14 ice beasts
  9 ogres
  2 phantoms
  An eye of draining (D:13)
  8 centaurs
  2 necrophages
  12 wolves
  3 boggarts (D:15)
  6 crocodiles
  5 big kobolds
  21 bullfrogs
  A gnoll sergeant (D:9)
  2 water moccasin zombies (Ossuary)
  A wyvern skeleton (D:13)
  4 scorpions
  25 killer bees
  7 wights
  An electric eel (D:15)
  11 crimson imps
  2 bullfrog zombies
  2 hounds (D:6)
  4 jellies
  3 quasits
  17 orc wizards
  4 centaur skeletons
  42 orc priests
  A bullfrog skeleton (D:7)
  Terence (D:2)
  5 iguanas
  9 worker ants
  2 big kobold zombies (Ossuary)
  2 mummies (Ossuary)
  A worker ant zombie (D:11)
  7 gnolls
  A howler monkey skeleton (D:5)
  10 adders
  5 shadow imps
  8 adder zombies (Ossuary)
  5 worms
  3 dart slugs
  2 leopard geckos
  88 orcs
  5 giant cockroaches
  3 gnoll zombies (Ossuary)
  6 goblins
  9 hobgoblins
  2 jackals (D:2)
  4 quokkas
  4 bats (D:1)
  5 frilled lizards
  3 hobgoblin zombies (Ossuary)
  28 kobolds
  6 kobold zombies (Ossuary)
  A leopard gecko zombie (D:6)
  6 orc zombies (Ossuary)
  9 rats
  4 fungi (Lair:6)
  10 plants
926 creatures vanquished.

Vanquished Creatures (collateral kills)
  2 hydras
  A bullfrog (Lair:2)
3 creatures vanquished.

Vanquished Creatures (others)
  A centaur warrior (D:13)
  A cyclops (D:13)
  5 centaurs
  An orc (Orc:2)
  11 fungi
  27 plants
46 creatures vanquished.

Grand Total: 975 creatures vanquished

Notes
Turn   | Place    | Note
-------+----------+-------------------------------------------
     0 | D:1      | sankara the Deep Dwarf Fighter began the quest for the Orb.
     0 | D:1      | Reached XP level 1. HP: 20/20 MP: 1/1
   185 | D:1      | Reached XP level 2. HP: 21/27 MP: 2/2
   263 | D:1      | Reached skill level 3 in Axes
   434 | D:1      | Reached XP level 3. HP: 24/34 MP: 3/3
   908 | D:2      | Noticed Terence
   918 | D:2      | Killed Terence
   918 | D:2      | Reached skill level 4 in Axes
   918 | D:2      | Reached XP level 4. HP: 18/42 MP: 4/4
  1925 | D:3      | Found a shimmering altar of Xom.
  2441 | D:4      | Noticed a water moccasin
  2451 | D:4      | Killed a water moccasin
  2451 | D:4      | Reached skill level 5 in Axes
  2451 | D:4      | Reached XP level 5. HP: 18/50 MP: 5/5
  2694 | D:4      | Found a sacrificial altar of Ru.
  2701 | D:4      | Found a stormy altar of Qazlal.
  2706 | D:4      | Found a bloodstained altar of Trog.
  2717 | D:4      | Found a white marble altar of Elyvilon.
  2724 | D:4      | Found an ornate altar of the Wu Jian Council.
  2729 | D:4      | Found a glowing golden altar of the Shining One.
  2736 | D:4      | Found a shattered altar of Ashenzari.
  2937 | D:4      | Reached XP level 6. HP: 27/57 MP: 5/5
  3102 | D:3      | Reached skill level 6 in Axes
  3421 | D:5      | Entered Level 5 of the Dungeon
  3527 | D:5      | Found a staircase to the Ecumenical Temple.
  3532 | Temple   | Entered the Ecumenical Temple
  3575 | Temple   | Became a worshipper of Makhleb the Destroyer
  3617 | D:5      | Reached skill level 5 in Fighting
  3617 | D:5      | Reached skill level 7 in Axes
  3617 | D:5      | Reached XP level 7. HP: 62/67 MP: 6/6
  3628 | D:5      | Found a sand-covered staircase.
  3639 | Ossuary  | Entered an ossuary
  3722 | Ossuary  | Reached * piety under Makhleb
  3734 | Ossuary  | Reached skill level 8 in Axes
  4097 | D:5      | Reached XP level 8. HP: 48/75 MP: 7/7
  4435 | D:6      | Found a radiant altar of Vehumet.
  4489 | D:6      | Reached skill level 9 in Axes
  4668 | D:6      | Noticed Canard's ghost (amateur DrTm)
  4677 | D:6      | Killed Canard's ghost
  4851 | D:6      | Reached skill level 5 in Armour
  5221 | D:7      | Reached skill level 10 in Axes
  5241 | D:7      | Gained mutation: You passively map the area around you. [Deep Dwarf growth]
  5241 | D:7      | Reached XP level 9. HP: 32/85 MP: 8/8
  5248 | D:7      | Found an iron altar of Okawaru.
  5432 | D:7      | Reached ** piety under Makhleb
  5694 | D:7      | Found a sparkling altar of Nemelex Xobeh.
  5694 | D:7      | Found a shimmering altar of Xom.
  5727 | D:7      | Found a shadowy altar of Dithmenos.
  5729 | D:7      | Found a deep blue altar of Sif Muna.
  5730 | D:7      | Found a faded altar of an unknown god.
  6163 | D:8      | Found a staircase to the Lair.
  6177 | Lair:1   | Entered Level 1 of the Lair of Beasts
  6177 | Lair:1   | Noticed a komodo dragon
  6187 | Lair:1   | Reached skill level 11 in Axes
  6190 | Lair:1   | Killed a komodo dragon
  6284 | Lair:1   | Noticed a rime drake
  6294 | Lair:1   | Killed a rime drake
  6326 | Lair:1   | Noticed a black mamba
  6334 | Lair:1   | Killed a black mamba
  6398 | Lair:1   | Reached XP level 10. HP: 44/94 MP: 8/8
  6508 | Lair:1   | Noticed a black mamba
  6518 | Lair:1   | Killed a black mamba
  6605 | Lair:1   | Noticed an oklob plant
  6607 | Lair:1   | Noticed a spiny frog
  6628 | Lair:1   | Noticed a spiny frog
  6643 | Lair:1   | Killed a spiny frog
  6643 | Lair:1   | Reached skill level 12 in Axes
  6734 | Lair:1   | Killed a spiny frog
  7020 | Lair:2   | Noticed a seven-headed hydra
  7034 | Lair:2   | Noticed a spiny frog
  7043 | Lair:2   | Noticed an elephant
  7044 | Lair:2   | Noticed an elephant
  7044 | Lair:2   | Noticed an elephant
  7047 | Lair:2   | Noticed an elephant
  7047 | Lair:2   | Noticed an elephant
  7056 | Lair:1   | Killed a spiny frog
  7071 | Lair:1   | Killed an elephant
  7071 | Lair:1   | Reached skill level 13 in Axes
  7135 | Lair:2   | Reached *** piety under Makhleb
  7172 | Lair:2   | Noticed a spiny frog
  7185 | Lair:2   | Killed a spiny frog
  7185 | Lair:2   | Reached XP level 11. HP: 80/104 MP: 9/9
  7471 | Lair:2   | Killed a 16-headed hydra
  7554 | Lair:2   | Found a white marble altar of Elyvilon.
  7643 | Lair:2   | Reached skill level 14 in Axes
  7684 | Lair:2   | Reached **** piety under Makhleb
  7707 | Lair:2   | Found a staircase to the Swamp.
  8041 | Lair:3   | Found a hole to the Spider Nest.
  8051 | Lair:3   | Reached skill level 10 in Armour
  8194 | Lair:3   | Reached skill level 15 in Axes
  8194 | Lair:3   | Reached XP level 12. HP: 116/116 MP: 10/10
  8202 | Lair:3   | Reached ***** piety under Makhleb
  8222 | Lair:3   | Reached skill level 1 in Dodging
  8423 | Lair:3   | Reached skill level 10 in Fighting
  9937 | Lair:4   | Reached skill level 5 in Dodging
 10384 | Lair:5   | Noticed a five-headed hydra
 10400 | Lair:5   | Killed a five-headed hydra
 10436 | Lair:5   | Found a staircase to the Slime Pits.
 10440 | Lair:5   | Reached XP level 13. HP: 59/124 MP: 11/11
 10908 | Lair:5   | Gained mutation: You expend magic power (3 MP) to strengthen your wands. [potion of mutation]
 10908 | Lair:5   | Gained mutation: You can translocate small distances at will. [potion of mutation]
 10908 | Lair:5   | Gained mutation: You are partially covered in thin metallic scales. (AC +2) [potion of mutation]
 10908 | Lair:5   | Gained mutation: You are resistant to electric shocks. (rElec) [potion of mutation]
 11042 | Lair:6   | Entered Level 6 of the Lair of Beasts
 11063 | Lair:6   | Reached skill level 16 in Axes
 11063 | Lair:6   | Reached ****** piety under Makhleb
 11491 | Lair:6   | Noticed Snorg
 11510 | Lair:6   | Killed Snorg
 12278 | Lair:6   | Gained mutation: You resist negative energy. (rN+) [Deep Dwarf growth]
 12278 | Lair:6   | Reached XP level 14. HP: 74/139 MP: 12/12
 13012 | D:9      | Found a bloodstained altar of Trog.
 13243 | D:9      | Found a snail-covered altar of Cheibriados.
 13345 | D:10     | Entered Level 10 of the Dungeon
 13457 | D:10     | Found a staircase to the Orcish Mines.
 13847 | D:10     | Found an ancient bone altar of Kikubaaqudgha.
 14114 | D:11     | Found Zedan's Armour Emporium.
 14854 | D:11     | Reached skill level 5 in Shields
 15272 | D:11     | HP: 7/141 [ice statue/bolt of cold (11)]
 16457 | D:13     | Identified the Grimoire of Noxious Shape Shifting
 16623 | D:13     | Found an opulent altar of Gozag.
 16680 | D:13     | Noticed Frances
 16724 | D:13     | Killed Frances
 16888 | Orc:1    | Entered Level 1 of the Orcish Mines
 17067 | Orc:2    | Entered Level 2 of the Orcish Mines
 17110 | Orc:2    | Noticed an orc warlord
 17144 | Orc:2    | Killed an orc warlord
 17293 | Orc:2    | Reached skill level 10 in Dodging
 17294 | Orc:2    | Found Zuchiong's Gadget Shop.
 17294 | Orc:2    | Found Ycraoxul's Gadget Emporium.
 17347 | Orc:2    | Found a roughly hewn altar of Beogh.
 17377 | Orc:2    | Reached XP level 15. HP: 135/150 MP: 12/12
 17459 | Orc:2    | Found Ryf Hol's Antique Armour Shop.
 17459 | Orc:2    | Found Wunlouge's Antique Weapon Emporium.
 17495 | Orc:2    | Bought a scorched cloak for 275 gold pieces
 17495 | Orc:2    | Bought a polished plate armour for 812 gold pieces
 17495 | Orc:2    | Identified the +2 cloak of Indomitability {Str+2 Int+2 Dex-2} (You bought it in a shop on level 2 of the Orcish Mines)
 17496 | Orc:2    | Identified the +1 plate armour of the Tormentor {rElec Int+5 Slay+2 SInv} (You bought it in a shop on level 2 of the Orcish Mines)
 17632 | Orc:2    | Found a staircase to the Elven Halls.
 18341 | Orc:1    | Identified a scroll of acquirement
 19077 | D:14     | Found a shadowy altar of Dithmenos.
 19077 | D:14     | Noticed Sonja
 19090 | D:14     | Killed Sonja
 19406 | D:14     | Got a spiked ring mail
 19407 | D:14     | Identified the cursed +0 ring mail "Jimapoehar" {Slay+2} (You found it on level 14 of the Dungeon)
 19558 | D:14     | Found a gate to the Vaults.
 19661 | D:15     | Entered Level 15 of the Dungeon
 20080 | D:15     | Reached skill level 17 in Axes
 20607 | D:15     | Reached XP level 16. HP: 160/160 MP: 13/13
 20779 | D:15     | Found a staircase to the Depths.
 21283 | Spider:1 | Entered Level 1 of the Spider Nest
 21453 | Spider:1 | Reached skill level 15 in Armour
 22048 | Spider:1 | Reached skill level 18 in Axes
 22062 | Spider:2 | Noticed Roxanne
 22067 | Spider:2 | Blown up by an orb spider

Skill      XL: |  1  2  3  4  5  6  7  8  9 10 11 12 13 14 15 16 |
---------------+-------------------------------------------------+-----
Axes           | 3 4 5 7 8 10 11 13 15 16 17 18 | 18.0
Fighting       | 3 4 5 6 7 8 9 10 12 13 14 | 14.9
Armour         | 5 7 8 10 11 12 13 14 15 | 15.2
Shields        | 4 6 7 |  7.3
Dodging        | 5 8 10 11 12 | 12.1

Action                   |  1- 3 |  4- 6 |  7- 9 | 10-12 | 13-15 | 16-18 || total
-------------------------+-------+-------+-------+-------+-------+-------++-------
Melee: War axe           |   110 |   139 |       |       |       |       ||   249
       Hand axe          |       |    33 |   337 |   783 |  1471 |       ||  2624
       Executioner's axe |       |       |       |       |   294 |   199 ||   493
 Fire: Blowgun           |       |       |     8 |     9 |       |       ||    17
Throw: Tomahawk          |       |       |       |       |     7 |       ||     7
 Abil: Heal Wounds       |       |     2 |     2 |     4 |     2 |       ||    10
       Blink             |       |       |       |       |     1 |       ||     1
Evoke: Wand              |       |       |       |    21 |    12 |       ||    33
       Box of beasts     |       |       |       |     3 |     2 |       ||     5
  Use: Potion            |     1 |     5 |    10 |     7 |    11 |     1 ||    35
       Scroll            |       |    12 |     2 |     3 |    11 |       ||    28
 Stab: Invisible         |       |       |       |     3 |       |       ||     3
       Petrified         |       |       |       |       |     6 |       ||     6
       Distracted        |       |       |       |       |     1 |       ||     1
  Eat: Chunk             |       |     8 |     9 |    10 |    31 |     6 ||    64
       Ration            |       |       |     1 |     1 |     1 |       ||     3
Armor: Scale mail        |    36 |       |       |       |       |       ||    36
       Chain mail        |    23 |    81 |    84 |       |       |       ||   188
       Plate armour      |       |       |    26 |   342 |   619 |   361 ||  1348
       Skin              |       |       |       |     7 |       |       ||     7
Dodge: Dodged            |    38 |    35 |    41 |   139 |   559 |   335 ||  1147
Block: Shield            |    49 |    80 |   143 |   363 |   753 |       ||  1388
       Reflection        |       |       |       |       |    42 |       ||    42
       Other             |       |       |       |       |   105 |    65 ||   170
